 Dungeon Crawl Stone Soup version 0.32-a0-871-ge202e49faa (webtiles) character file.

Game seed: 13407963358285870606

1691 Griffin23 the Carver (level 8, -6/73 HPs)
             Began as a Minotaur Fighter on Mar 29, 2024.
             Was an Initiate of Gozag.
             Mangled by a boulder beetle (14 damage)
             ... on level 6 of the Dungeon.
             The game lasted 00:05:27 (4965 turns).

Griffin23 the Carver (Minotaur Fighter)             Turns: 4965, Time: 00:05:28

Health: -6/73      AC: 13    Str: 23    XL:     8   Next: 72%
Magic:  7/7        EV: 10    Int:  5    God:    Gozag
Gold:   194        SH:  5    Dex: 10    Spells: 7/7 levels left

rFire   . . .        a - +0 long sword
rCold   . . .        c - +0 buckler
rNeg    . . .        D - +0 plate armour
rPois   .            (helmet restricted)
rElec   .            (no cloak)
rCorr   .            (no gloves)
SInv    +            (no boots)
Will    .....        v - amulet of regeneration Stlth
                     h - +5 ring of evasion
HPRegen 1.12/turn    g - ring of see invisible
MPRegen 0.10/turn

%: no passive effects
@: mighty
A: horns 2, retaliatory headbutt
a: Renounce Religion, Potion Petition, Call Merchant, Bribe Branch


You were on level 6 of the Dungeon.
You worshipped Gozag.
Gozag was aware of your devotion.
You visited 1 branch of the dungeon, and saw 6 of its levels.

You collected 684 gold pieces.
You spent 112 gold pieces at shops.
You paid 378 gold pieces to Gozag.

Inventory:

Hand Weapons
 a - a +0 long sword (weapon)
Missiles
 A - a throwing net (quivered)
Armour
 b - a +0 scale mail
 c - a +0 buckler (worn)
 D - a +0 plate armour (worn)
Jewellery
 g - a ring of see invisible (right hand)
 h - a +5 ring of evasion (left hand)
 v - an amulet of regeneration (around neck)
 x - a ring of poison resistance
 y - a ring of protection from cold
 E - a ring of wizardry
Wands
 d - a wand of iceblast (7)
 o - a wand of flame (9)
 u - a wand of quicksilver (10)
 w - a wand of polymorph (5)
 z - a wand of charming (14)
Scrolls
 k - a scroll of revelation
 m - a scroll of enchant weapon {unknown}
 n - a scroll of butterflies {unknown}
 p - a scroll of identify
 q - a scroll of enchant armour {unknown}
 r - a scroll of noise {unknown}
 s - a scroll of teleportation {unknown}
Potions
 e - a potion of berserk rage {unknown}
 f - a potion of attraction {unknown}
 i - 3 potions of brilliance {unknown}
 j - 2 potions of ambrosia {unknown}
 B - a potion of magic {unknown}
 C - a potion of enlightenment {unknown}


   Skills:
 + Level 7.0 Fighting
 * Level 8.8 Long Blades
 + Level 7.0 Armour
 + Level 7.0 Shields


You had 7 spell levels left.
You didn't know any spells.
Your spell library contained the following spells:

 Spells                   Type           Power      Damage    Failure   Level
 Necrotise                Necr           0%         1d4       100%        1
 Ensorcelled Hibernation  Hex/Ice        0%         N/A       100%        2
 Call Canine Familiar     Summ           0%         N/A       100%        3
 Fugue of the Fallen      Necr           0%         N/A       100%        3
 Sigil of Binding         Hex            0%         N/A       100%        3
 Vampiric Draining        Necr           0%         2d6       100%        3
 Anguish                  Hex/Necr       0%         N/A       100%        4
 Dimensional Bullseye     Hex/Tloc       0%         N/A       100%        4
 Martyr's Knell           Necr/Summ      0%         N/A       100%        4
 Curse of Agony           Necr           0%         N/A       100%        5


Dungeon Overview and Level Annotations

Branches:
Dungeon (6/15)
 Temple: D:4-7

Altars:
Gozag
Okawaru

Shops:
D:3 =*!!


Innate Abilities, Weirdness & Mutations

You have a pair of horns on your head.
You reflexively headbutt those who attack you in melee.


Message History

You block the boulder beetle's attack.
You hit the boulder beetle but do no damage.
The boulder beetle is lightly wounded.
The boulder beetle bites you.
You hit the boulder beetle. You headbutt the boulder beetle.
The boulder beetle is lightly wounded.
The boulder beetle bites you!
You are too injured to fight recklessly!
You are too injured to fight recklessly!
You hit the boulder beetle but do no damage.
The boulder beetle is lightly wounded.
The boulder beetle bites you.
You hit the boulder beetle but do no damage.
You headbutt the boulder beetle.
The boulder beetle is lightly wounded.
The boulder beetle bites you.
You slash the boulder beetle!
Your headbutt misses the boulder beetle.
The boulder beetle is moderately wounded.
The boulder beetle bites you!
* * * LOW HITPOINT WARNING * * *
You hit the boulder beetle but do no damage.
The boulder beetle is moderately wounded.
You block the boulder beetle's attack.
You completely miss the boulder beetle. You headbutt the boulder beetle.
The boulder beetle is moderately wounded.
The boulder beetle bites you.
* * * LOW HITPOINT WARNING * * *
You feel better. The boulder beetle bites you.
* * * LOW HITPOINT WARNING * * *
You barely miss the boulder beetle.
The boulder beetle is moderately wounded.
You feel a little less clever now.
You hit the boulder beetle.
The boulder beetle is heavily wounded.
The boulder beetle bites you!
* * * LOW HITPOINT WARNING * * *
The boulder beetle bites you!
You die...
Your body crumbles into a pile of gold.

####+ .. #...# ...
#...## #
...##....##.#
.........@B#
.........##.#
.........# ..
..###...# ## #...##
. #...#########..
.....#..............
....+..............
#...#..............


You could see a boulder beetle.

Vanquished Creatures
  A cyclops (D:6)
  A hornet (D:6)
  A black bear (D:5)
  A centaur (D:5)
  A bullfrog (D:6)
  3 scorpions
  A howler monkey (D:5)
  A hound (D:4)
  3 orc priests (D:5)
  2 jellies (D:5)
  Ijyb (D:4)
  Terence (D:2)
  2 iguanas (D:5)
  Natasha (twice) (D:3)
  2 orc wizards
  Robin (D:4)
  4 gnolls (D:4)
  19 adders
  A white imp (D:5)
  A dart slug (D:3)
  3 ribbon worms
  5 orcs
  4 ball pythons
  5 endoplasms
  A giant cockroach (D:2)
  15 goblins
  8 hobgoblins
  6 jackals (D:2)
  7 kobolds
  A quokka (D:1)
  6 bats
  4 frilled lizards
  4 rats
118 creatures vanquished.

Notes
Turn   | Place    | Note
-------+----------+-------------------------------------------
     0 | D:1      | Griffin23 the Minotaur Fighter began the quest for the Orb.
     0 | D:1      | Reached XP level 1. HP: 19/19 MP: 0/0
   168 | D:1      | Reached XP level 2. HP: 27/27 MP: 1/1
   824 | D:1      | Reached skill level 3 in Long Blades
   988 | D:2      | Reached XP level 3. HP: 28/33 MP: 2/2
  1087 | D:2      | Noticed Terence
  1099 | D:2      | Killed Terence
  1100 | D:2      | Reached XP level 4. HP: 5/40 MP: 3/3
  1536 | D:2      | Reached skill level 4 in Long Blades
  1893 | D:3      | Found a faded altar of an unknown god.
  1904 | D:3      | Reached XP level 5. HP: 47/47 MP: 4/4
  1916 | D:3      | Prayed at the altar of an unknown god.
  1916 | D:3      | Became a worshipper of Gozag Ym Sagoz the Greedy
  1992 | D:3      | Found an iron altar of Okawaru.
  2095 | D:3      | Found Cemischubb's Distillery.
  2144 | D:3      | Noticed Natasha
  2150 | D:3      | Killed Natasha
  2252 | D:3      | Found Ynnahizam's Assorted Antiques.
  2369 | D:3      | Noticed Natasha
  2385 | D:3      | Killed Natasha
  2477 | D:3      | Found Seipytot's Jewellery Shop.
  2516 | D:3      | Found Uvousch's Distillery.
  2519 | D:3      | Bought a potion of curing for 42 gold pieces
  2519 | D:3      | Bought a potion of heal wounds for 70 gold pieces
  2618 | D:4      | Noticed Robin
  2628 | D:4      | Killed Robin
  2629 | D:4      | Reached skill level 5 in Long Blades
  2645 | D:4      | Reached XP level 6. HP: 52/55 MP: 5/5
  2692 | D:4      | Reached skill level 5 in Fighting
  2692 | D:4      | Reached skill level 5 in Armour
  2692 | D:4      | Reached skill level 5 in Shields
  2830 | D:4      | Noticed Ijyb
  2848 | D:4      | Killed Ijyb
  3408 | D:5      | Entered Level 5 of the Dungeon
  3482 | D:5      | Reached skill level 6 in Long Blades
  3482 | D:5      | Reached XP level 7. HP: 43/61 MP: 6/6
  4547 | D:5      | Reached skill level 7 in Long Blades
  4625 | D:5      | Reached XP level 8. HP: 25/70 MP: 7/7
  4890 | D:6      | Noticed a hornet
  4892 | D:6      | Paralysed by a hornet for 1 turns
  4893 | D:6      | Noticed a cyclops
  4900 | D:6      | Paralysed by a hornet for 1 turns
  4903 | D:6      | Paralysed by a hornet for 2 turns
  4909 | D:6      | Killed a hornet
  4910 | D:6      | Reached skill level 8 in Long Blades
  4915 | D:6      | Killed a cyclops
  4950 | D:6      | Noticed a boulder beetle
  4965 | D:6      | Mangled by a boulder beetle

Illustrated notes

Levels and vault maps discovered:
D:1:      dpeg_arrival_three_smaller_balls, layout_basic
D:2:      layout_loops_ring, uniq_terence
D:3:      layout_loops_ring, mainiacjoe_overflow_boulevard, serial_shops, shop,
          nicolae_shop_rolling_square, nicolae_shop_behind_doors, shop,
          nicolae_ecumenical_snake_handling, st_stairs_3, moated_statue,
          minmay_misc_feat_room, uniq_natasha
D:4:      layout_cave_pools, hex_medium, nicolae_grassy_gnolls, uniq_robin,
          uniq_ijyb
D:5:      layout_loops_ring, serial_co_window_serial, co_window_corner_a,
          co_window_corner_a, co_window_paths_b, co_window_of_opportunity_a,
          co_window_paths_a, co_window_broadway_b, co_window_cross_2,
          co_window_2corner, co_window_corner_b, co_window_broadway_c,
          co_window_corner_b, co_window_4corner_b, co_window_paths_e,
          glass_columns_a
D:6:      minmay_cornered_nines, layout_gridville, minmay_temple_entry_arrows,
          nicolae_half_adder

Skill      XL: |  1  2  3  4  5  6  7  8 |
---------------+-------------------------+-----
Long Blades    | 3 4 5 6 7 8 |  8.8
Armour         | 4 5 6 7 |  7.0
Shields        | 4 5 6 7 |  7.0
Fighting       | 4 5 6 7 |  7.0

Action                     |  1- 3 |  4- 6 |  7- 9 || total
---------------------------+-------+-------+-------++-------
  Melee: Long sword        |    65 |   160 |   144 ||   369
         Headbutt          |     8 |    21 |    28 ||    57
         Unarmed           |       |    11 |       ||    11
 Invoke: Potion Petition   |       |       |     1 ||     1
    Use: Potion            |     1 |     2 |     5 ||     8
         Scroll            |       |       |     1 ||     1
   Stab: Distracted        |       |     1 |       ||     1
 Armour: Scale mail        |    59 |   111 |     5 ||   175
         Skin              |       |     8 |       ||     8
         Plate armour      |       |       |   112 ||   112
  Dodge: Dodged            |    25 |    85 |    63 ||   173
  Block: Buckler           |    10 |    31 |    37 ||    78

Table legend: (Time is in decaauts)
 A = Elapsed time spent in this place.
 B = Non-inter-level travel time spent in this place.
 C = Inter-level travel time spent in this place.
 D = Time resting spent in this place.
 E = Time spent auto-exploring this place.
 F = Levels seen in this place.
 G = Mean time per level.
                   A        B        C        D        E       F      G
               +--------+--------+--------+--------+--------+-----+--------+
         Total |   5023 |   4795 |    228 |    130 |   3806 |   6 |  837.2 |
       Dungeon |   5023 |   4795 |    228 |    130 |   3806 |   6 |  837.2 |
               +--------+--------+--------+--------+--------+-----+--------+

Top non-repeatable levels by time:
     D:5: 1343 daAuts
     D:1: 940 daAuts
     D:2: 899 daAuts
     D:3: 820 daAuts
     D:4: 798 daAuts
     D:6: 220 daAuts
